 Dungeon Crawl Stone Soup version 0.28.0-45-g0d030f2227 (webtiles) character file.

Game seed: 16838896262028404759

980 Ablot the Cutter (level 8, 0/67 HPs)
             Began as a Gnoll Chaos Knight on Apr 15, 2022.
             Was a Plaything of Xom.
             Slain by a wyvern zombie (2 damage)
             ... on level 5 of the Dungeon.
             The game lasted 00:09:04 (4693 turns).

Ablot the Cutter (Gnoll Chaos Knight)               Turns: 4693, Time: 00:09:05

Health: 0/67       AC: 10    Str: 11    XL:     8   Next: 17%
Magic:  12/12      EV: 14    Int:  9    God:    Xom [..*...]
Gold:   158        SH:  0    Dex: 17    Spells: 13/13 levels left

rFire   . . .      SeeInvis .   A - +3 quarterstaff (chaos)
rCold   + . .      Faith    .   (shield currently unavailable)
rNeg    . . .      Spirit   .   j - +2 robe {rC+}
rPois   .          Reflect  .   y - +0 helmet
rElec   .          Harm     .   B - +2 cloak
rCorr   .          Rampage  .   x - +0 pair of gloves
Will    .....                   (no boots)
Stlth   ++........              (no amulet)
HPRegen 0.21/turn               C - +6 ring of dexterity
MPRegen 0.13/turn               (no ring)

@: attractive
A: fangs 1, strong nose, distributed training, dopey 2, weak 1
a: Renounce Religion


You were on level 5 of the Dungeon.
You worshipped Xom.
You were a toy of Xom.
You visited 1 branch of the dungeon, and saw 5 of its levels.

You collected 182 gold pieces.
You spent 24 gold pieces at shops.

Inventory:

Hand Weapons
 a - a +0 short sword of chaos
 u - a +2 dagger of venom
 z - the +3 sling "Punk" {acid, rCorr}
   (You found it on level 4 of the Dungeon)

   Any ammunition fired from it is coated in acid, damaging and corroding those
   it strikes.
   rCorr:     It protects you from acid and corrosion.
 A - a +3 quarterstaff of chaos (weapon)
Missiles
 b - 4 curare-tipped darts
 f - 200 stones (quivered)
 i - 55 bolts
 m - 45 sling bullets
 v - 6 poisoned darts
Armour
 j - a +2 robe of cold resistance (worn)
 x - a +0 pair of gloves (worn)
 y - a +0 helmet (worn)
 B - a +2 cloak (worn)
Magical Staves
 n - a staff of cold
Jewellery
 C - a +6 ring of dexterity (left hand)
Wands
 w - a wand of acid (10)
Scrolls
 d - a scroll of summoning {unknown}
 e - a scroll of acquirement {unknown}
 g - a scroll of fog {unknown}
 k - a scroll of teleportation {unknown}
 q - 5 scrolls of identify {unknown}
 r - 2 scrolls of amnesia {unknown}
 s - 3 scrolls of vulnerability {unknown}
 D - a scroll of enchant armour {unknown}
Potions
 c - a potion of haste {unknown}
 h - 2 potions of heal wounds {unknown}
 l - 2 potions of cancellation
 o - a potion of magic {unknown}
 p - a potion of curing {unknown}
 t - 2 potions of attraction


   Skills:
 + Level 7.2 Fighting
 + Level 7.2 Short Blades
 + Level 3.0 Long Blades
 + Level 3.0 Axes
 + Level 3.0 Maces & Flails
 + Level 3.0 Polearms
 + Level 3.0 Staves
 + Level 3.0 Slings
 + Level 3.0 Bows
 + Level 3.0 Crossbows
 + Level 3.0 Throwing
 + Level 5.5 Armour
 + Level 4.0 Dodging
 + Level 3.0 Stealth
 + Level 3.0 Shields
 + Level 3.0 Unarmed Combat
 + Level 3.0 Spellcasting
 + Level 2.4 Conjurations
 + Level 2.4 Hexes
 + Level 2.4 Summonings
 + Level 2.4 Necromancy
 + Level 2.4 Translocations
 + Level 2.4 Transmutations
 + Level 2.4 Fire Magic
 + Level 2.4 Ice Magic
 + Level 2.4 Air Magic
 + Level 2.4 Earth Magic
 + Level 2.4 Poison Magic
 + Level 3.3 Invocations
 + Level 3.0 Evocations


You had 13 spell levels left.
You didn't know any spells.
Your spell library was empty.

Dungeon Overview and Level Annotations

Branches:
Dungeon (5/15)             Temple (0/1) D:4

Altars:
Dithmenos
Okawaru

Shops:
D:1 *:

Annotations:
D:4 3 runed translucent doors, exclusion: 3 doors, Quickbrownfox's ghost, novice DsIE


Innate Abilities, Weirdness & Mutations

You have very sharp teeth.
Your uncanny sense of smell can sniff out nearby items.
Your experience applies equally to all skills.
You are very dopey. (Int -4)
You are weak. (Str -2)


Message History

You hit the wyvern zombie but do no damage.
The wyvern zombie is lightly damaged.
The wyvern zombie barely misses you. The wyvern zombie bites you.
You barely miss the wyvern zombie.
The wyvern zombie is lightly damaged.
Xom smirks.
You detect items!
The wyvern zombie misses you.
You hit the wyvern zombie but do no damage.
You bite the wyvern zombie, but do no damage.
The wyvern zombie is lightly damaged.
The wyvern zombie misses you. The wyvern zombie closely misses you.
You barely miss the wyvern zombie.
The wyvern zombie is lightly damaged.
The wyvern zombie bites you but does no damage.
You sock the wyvern zombie!
The wyvern zombie convulses.
The wyvern zombie is heavily damaged.
The wyvern zombie misses you. The wyvern zombie bites you!
You sock the wyvern zombie!
The wyvern zombie flickers and vanishes!
Deactivating autopickup; reactivate with Ctrl-A.
Something barely misses you.
You barely miss something. Something bites you but does no damage.
Something bites you.
You barely miss something. Something bites you.
You barely miss something. Something bites you! Something bites you.
* * * LOW HITPOINT WARNING * * *
You closely miss something. Something bites you!
* * * LOW HITPOINT WARNING * * *
You sock something! Something bites you!
* * * LOW HITPOINT WARNING * * *
Something completely misses you.
It was a potion of cancellation.
You feel magically purged. Something bites you.
* * * LOW HITPOINT WARNING * * *
Unknown command.
It was a potion of attraction.
You feel attractive to monsters. Something bites you but does no damage.
Something bites you.
You die... "I guess I need a new plaything now."

....## .....##
.....[# ......#
......#
......##############
..........).........
......######.#######
∆ .....## #.§.§@..#
# ....## #§§§§{).#
.. ##<### ##§§§≈≈.#
###.# #...#
#§§§)≈.##....# ##
###.#### #.§§≈≈....#
#.. #....###
#..§.P....# #.#
####...###..#......#
#.#
###..#..###.....#
#.# ##....# #.....#
##.#


There were no monsters in sight!

Vanquished Creatures
  A necrophage (D:5)
  A phantom (D:4)
  A scorpion (D:4)
  2 water moccasin zombies (D:5)
  2 water moccasin skeletons (D:5)
  A bullfrog zombie (D:5)
  2 orc priests
  2 centaur skeletons (D:4)
  A scorpion zombie (D:5)
  An iguana (D:5)
  5 orc wizards
  A hound zombie (D:5)
  7 adders
  An adder zombie (D:5)
  2 adder skeletons (D:4)
  2 dart slugs
  4 orcs
  7 ball pythons
  8 bats
  8 endoplasms
  A giant cockroach (D:3)
  11 goblins
  8 hobgoblins
  A jackal (D:4)
  4 quokkas
  8 frilled lizards
  11 kobolds
  6 rats
109 creatures vanquished.

Vanquished Creatures (collateral kills)
  Crazy Yiuf (D:4)
  2 jackals (D:4)
3 creatures vanquished.

Vanquished Creatures (others)
  A plant (D:3)
  3 withered plants (D:5)
4 creatures vanquished.

Grand Total: 116 creatures vanquished

Notes
Turn   | Place    | Note
-------+----------+-------------------------------------------
     0 | D:1      | Ablot the Gnoll Chaos Knight began the quest for the Orb.
     0 | D:1      | Reached XP level 1. HP: 23/23 MP: 1/1
   117 | D:1      | XOM: divination: detect items
   123 | D:1      | Reached XP level 2. HP: 19/29 MP: 2/2
   268 | D:1      | Found a faded altar of an unknown god.
   432 | D:1      | XOM: god gift: 15 stones
   438 | D:1      | XOM: silly message
   489 | D:1      | Found Ses Taf's Book Shop.
   519 | D:1      | XOM: 2-stop teleportation journey
   589 | D:1      | XOM: 2-stop teleportation journey
   690 | D:1      | Found Dyho's Assorted Antiques.
   709 | D:1      | Bought a golden potion for 24 gold pieces
   777 | D:1      | Reached XP level 3. HP: 32/35 MP: 3/3
  1279 | D:2      | XOM: noise
  1287 | D:2      | XOM: cloud trail
  1300 | D:2      | Reached skill level 1 in Invocations
  1381 | D:2      | Reached skill level 1 in Long Blades
  1381 | D:2      | Reached skill level 1 in Axes
  1381 | D:2      | Reached skill level 1 in Maces & Flails
  1381 | D:2      | Reached skill level 1 in Polearms
  1381 | D:2      | Reached skill level 1 in Staves
  1381 | D:2      | Reached skill level 1 in Slings
  1381 | D:2      | Reached skill level 1 in Bows
  1381 | D:2      | Reached skill level 1 in Crossbows
  1381 | D:2      | Reached skill level 1 in Throwing
  1381 | D:2      | Reached skill level 1 in Stealth
  1381 | D:2      | Reached skill level 1 in Shields
  1381 | D:2      | Reached skill level 1 in Unarmed Combat
  1381 | D:2      | Reached skill level 1 in Spellcasting
  1381 | D:2      | Reached skill level 1 in Evocations
  1389 | D:2      | XOM: torment (19/35 hp)
  1544 | D:2      | Reached XP level 4. HP: 41/41 MP: 5/5
  1787 | D:2      | XOM: give mutations
  1787 | D:2      | Gained mutation: You are dopey. (Int -2) [Xom's mischief]
  1787 | D:2      | Gained mutation: Armour fits poorly on your strangely
                  | shaped body. [Xom's mischief]
  1787 | D:2      | Lost mutation: Armour fits poorly on your strangely shaped
                  | body. [Xom's mischief]
  1787 | D:2      | Gained mutation: You are very dopey. (Int -4) [Xom's
                  | mischief]
  2034 | D:3      | Found a shadowy altar of Dithmenos.
  2063 | D:3      | Reached skill level 1 in Conjurations
  2063 | D:3      | Reached skill level 1 in Hexes
  2063 | D:3      | Reached skill level 1 in Summonings
  2063 | D:3      | Reached skill level 1 in Necromancy
  2063 | D:3      | Reached skill level 1 in Translocations
  2063 | D:3      | Reached skill level 1 in Transmutations
  2063 | D:3      | Reached skill level 1 in Fire Magic
  2063 | D:3      | Reached skill level 1 in Ice Magic
  2063 | D:3      | Reached skill level 1 in Air Magic
  2063 | D:3      | Reached skill level 1 in Earth Magic
  2063 | D:3      | Reached skill level 1 in Poison Magic
  2102 | D:3      | XOM: noise
  2105 | D:3      | XOM: smoke on damage
  2503 | D:3      | Reached XP level 5. HP: 47/47 MP: 5/7
  3095 | D:3      | Reached XP level 6. HP: 44/53 MP: 8/8
  3356 | D:4      | Reached skill level 5 in Armour
  3427 | D:4      | Found a staircase to the Ecumenical Temple.
  3490 | D:4      | XOM: noise
  3492 | D:4      | XOM: scenery: summon butterflies
  3497 | D:4      | XOM: summons friendly ufetubus
  3537 | D:4      | Noticed Quickbrownfox's ghost (novice DsIE)
  3537 | D:4      | XOM: 2-stop teleportation journey
  3606 | D:4      | Found a runed translucent gate.
  3607 | D:4      | Found a runed translucent gate.
  3607 | D:4      | Found a runed translucent gate.
  3635 | D:4      | Found a runed translucent door.
  3636 | D:4      | Identified the +5 mace of Loityem {drain, MP+9}
  3636 | D:4      | Noticed Crazy Yiuf
  3647 | D:4      | Killed Crazy Yiuf
  3648 | D:4      | Reached XP level 7. HP: 49/59 MP: 10/10
  3754 | D:4      | Found an iron altar of Okawaru.
  3792 | D:4      | Found the +3 sling "Punk" {acid, rCorr}
  4022 | D:4      | XOM: give mutation
  4022 | D:4      | Gained mutation: You are weak. (Str -2) [Xom's mischief]
  4053 | D:5      | Entered Level 5 of the Dungeon
  4323 | D:5      | XOM: silly message
  4325 | D:5      | XOM: confuse monster(s)
  4586 | D:5      | XOM: smoke on damage
  4591 | D:5      | XOM: swap monsters
  4594 | D:5      | XOM: confusion (+ monsters)
  4603 | D:5      | Reached XP level 8. HP: 39/67 MP: 12/12
  4682 | D:5      | XOM: divination: detect items
  4692 | D:5      | HP: 1/67 [something (4)]
  4693 | D:5      | Slain by a wyvern zombie

Illustrated notes

Levels and vault maps discovered:
D:1:      dpeg_arrival_three_bigger_balls, layout_basic, serial_shops, shop,
          shop_fountains, hellmonk_ecumenical_altar_slurped_away
D:2:      layout_loops_ring, nicolae_elevator_lobby_asterisk
D:3:      corexii_shack_village, layout_basic, lemuel_crystal_altar,
          serial_glass, glass_columns_c, glass_columns_b
D:4:      layout_basic, mainiacjoe_overflow_six_doors_small,
          minmay_temple_entry_arrows, gammafunk_ghost_split,
          kennysheep_crisscross, uniq_crazy_yiuf_cottage
D:5:      layout_rooms, serial_undead, serial_undead_c, serial_undead_b,
          serial_undead_c, serial_undead_a, serial_undead_f, serial_undead_a,
          serial_undead_c, palyth_stone_intersect

Skill      XL: |  1  2  3  4  5  6  7  8 |
---------------+-------------------------+-----
Invocations    | 1 2 3 |  3.3
Long Blades    | 1 2 3 |  3.0
Axes           | 1 2 3 |  3.0
Maces & Flails | 1 2 3 |  3.0
Polearms       | 1 2 3 |  3.0
Staves         | 1 2 3 |  3.0
Slings         | 1 2 3 |  3.0
Bows           | 1 2 3 |  3.0
Crossbows      | 1 2 3 |  3.0
Throwing       | 1 2 3 |  3.0
Stealth        | 1 2 3 |  3.0
Shields        | 1 2 3 |  3.0
Unarmed Combat | 1 2 3 |  3.0
Spellcasting   | 1 2 3 |  3.0
Evocations     | 1 2 3 |  3.0
Conjurations   | 1 2 |  2.4
Hexes          | 1 2 |  2.4
Summonings     | 1 2 |  2.4
Necromancy     | 1 2 |  2.4
Translocations | 1 2 |  2.4
Transmutations | 1 2 |  2.4
Fire Magic     | 1 2 |  2.4
Ice Magic      | 1 2 |  2.4
Air Magic      | 1 2 |  2.4
Earth Magic    | 1 2 |  2.4
Poison Magic   | 1 2 |  2.4
Dodging        | 3 4 |  4.0
Armour         | 5 |  5.5
Fighting       | 7 |  7.2
Short Blades   | 7 |  7.2

Action                   |  1- 3 |  4- 6 |  7- 9 || total
-------------------------+-------+-------+-------++-------
Melee: Short sword       |   107 |   130 |       ||   237
       Bite              |    11 |    17 |    14 ||    42
       Punch             |     1 |     1 |       ||     2
       Mace              |       |     1 |       ||     1
       Quarterstaff      |       |       |   104 ||   104
Throw: Dart              |       |     4 |     6 ||    10
       Stone             |       |       |     1 ||     1
  Use: Potion            |       |       |     2 ||     2
 Stab: Sleeping          |     2 |     4 |     1 ||     7
       Distracted        |       |     1 |       ||     1
       Paralysed         |       |     1 |     2 ||     3
Armor: Leather armour    |     9 |       |       ||     9
       Robe              |    23 |    29 |    72 ||   124
Dodge: Dodged            |    48 |    60 |   118 ||   226
